 Dungeon Crawl Stone Soup version 0.20.1-1-g8b1a95d (webtiles) character file.

193129 Lanoc the Executioner (level 18, 0/151 HPs)
             Began as a Hill Orc Monk on Nov 30, 2017.
             Was the Champion of Beogh.
             Killed by the raging water
             ... invoked by a water nymph
              (8 damage)
             ... on level 4 of the Shoals on Dec 1, 2017.
             The game lasted 03:56:08 (31076 turns).

Lanoc the Executioner (Hill Orc Monk)              Turns: 31076, Time: 03:56:09

Health: 0/151      AC: 26    Str: 29    XL:     18   Next: 26%
Magic:  12/16      EV:  2    Int: 10    God:    Beogh [******]
Gold:   3093       SH:  0    Dex: 13    Spells: 17/17 levels left

rFire    + . .     SeeInvis +   a - +9 executioner's axe (freeze)
rCold    + + .     Gourm    .   (shield currently unavailable)
rNeg     + + +     Faith    .   l - +0 plate armour "Unew" {rPois rC+ Regen+}
rPois    ∞         Spirit   .   R - +2 hat {SInv}
rElec    .         Reflect  .   M - scarf {rC+ rF+}
rCorr    .         Harm     .   X - +2 pair of gloves
MR       +....                  n - +2 pair of boots
Stlth    ..........             u - amulet of regeneration
Regen    1.2/turn               r - +5 ring of evasion
MPRegen  0.2/turn               S - +5 ring of strength

@: petrified, barbed spikes
A: walk on water, frail 1, low mp 1, poison resistance, strong 1, MP-powered
wands
}: 1/15 runes: gossamer
a: Smiting, Recall Orcish Followers, Give Item to Named Follower, Resurrection,
Renounce Religion


You were on level 4 of the Shoals.
You worshipped Beogh.
Beogh was exalted by your worship.
You were not hungry.

You visited 8 branches of the dungeon, and saw 35 of its levels.
You also visited: Ossuary, Bailey and Ice Cave.

You collected 3093 gold pieces.

Inventory:

Hand Weapons
 a - a +9 executioner's axe of freezing (weapon)
 f - a +2 demon whip of freezing
Missiles
 d - 15 javelins of penetration
 o - 7 exploding tomahawks
 v - 5 throwing nets
 G - 39 tomahawks of returning (quivered)
Armour
 l - the +0 plate armour "Unew" (worn) {rPois rC+ Regen+}
   (You found it on level 6 of the Lair of Beasts)

   It protects you from cold.
   It protects you from poison.
   It increases your rate of regeneration.
 n - a +2 pair of boots (worn)
 M - a scarf of resistance (worn)
 R - a +2 hat of see invisible (worn)
 X - a +2 pair of gloves (worn)
Jewellery
 g - an uncursed ring of protection from cold
 p - an uncursed ring of protection from fire
 r - a +5 ring of evasion (left hand)
 u - an amulet of regeneration (around neck)
 S - a +5 ring of strength (right hand)
Wands
 h - a wand of paralysis (12/24)
 y - a wand of iceblast (5/15)
 z - a wand of lightning (7/15)
 B - a wand of lightning (6/15)
 F - a wand of lightning (7/15)
 H - a wand of flame (26/48)
 P - a wand of confusion (10/48)
 V - a wand of disintegration (3/24)
 Y - a wand of enslavement (8/24)
 Z - a wand of confusion (27/48)
Scrolls
 k - 3 scrolls of fog
 m - 6 scrolls of remove curse
 w - 2 scrolls of recharging
 A - 3 scrolls of fear
 C - 7 scrolls of teleportation
 I - 12 scrolls of identify
 O - a scroll of silence
 T - a scroll of holy word {unknown}
 U - a scroll of blinking
Potions
 e - 2 potions of curing
 q - 8 potions of flight
 s - 10 potions of ambrosia
 x - a potion of haste
 D - a potion of heal wounds
 J - 4 potions of agility
 K - 3 potions of invisibility {unknown}
 N - 2 potions of berserk rage
 Q - 5 potions of might
Miscellaneous
 t - a crystal ball of energy
Comestibles
 b - 2 chunks of flesh
 c - 29 bread rations
 i - 27 fruits
 j - 20 meat rations


   Skills:
 + Level 16.8 Fighting
 * Level 23.8 Axes
 + Level 1.5 Throwing
 + Level 15.6 Armour
 + Level 12.7 Dodging
 - Level 1.5 Stealth


You had 17 spell levels left.
You didn't know any spells.

Dungeon Overview and Level Annotations

Branches:
Dungeon (15/15)            Temple (1/1) D:6            Lair (6/6) D:11
 Shoals (4/4) Lair:2       Spider (4/4) Lair:3        Slime (2/5) Lair:6
    Orc (2/2) D:9             Elf (1/3) Orc:2        Vaults (0/5) D:13
 Depths (0/5) D:15

Altars:
Ashenzari
Cheibriados
Dithmenos
Elyvilon
Fedhas
Gozag
Hepliaklqana
Nemelex Xobeh
Okawaru
Ru
Sif Muna
Uskayaw
Xom
The Shining One
Jiyva

Shops:
D:4 %   D:7 =   D:15 }   Orc:2 (:(:   Shoals:1 (

Portals:
Trove: D:11 (give 20 scrolls of identify)

Annotations:
Shoals:4 Polyphemus
Spider:4 Urug


Innate Abilities, Weirdness & Mutations

You can walk on water.
You are frail. (-10% HP)
Your magical capacity is low. (-10% MP)
Your system is resistant to poisons. (rPois)
Your muscles are strong. (Str +2)
You expend magic power (3 MP) to strengthen your wands.


Message History

Found four items.
A merfolk aquamancer, a wind drake and 2 fauns come into view.
The merfolk aquamancer is wielding a rapier of holy wrath.
The faun shouts! x2; The wind drake hisses angrily.
The faun splashes around in the water.
The wind drake flaps its wings at you. The air twists around and strikes you!
The merfolk aquamancer casts a spell at you.
Helpless, you fail to dodge the ball of steam.
The faun hits the plant with a spear!!
A water elemental comes into view.
The faun hits the plant but does no damage.
The merfolk aquamancer is engulfed in a cloud of scalding steam.
The merfolk aquamancer hits you with a rapier of holy wrath.
* * * LOW HITPOINT WARNING * * *
A water nymph comes into view.
The water nymph shouts!
The water nymph gestures at you while chanting.
The water swirls and strikes you!
You die... ≈≈≈≈≈≈≈≈≈≈≈≈≈ #P≈≈≈≈≈≈≈≈≈≈≈ ## P≈≈≈≈≈≈≈≈≈≈≈ ≈cP

P≈≈≈≈≈≈≈≈≈.
≈≈PP#≈≈≈≈≈≈≈≈.#
≈ cPP§≈≈≈≈≈≈...
≈E≈≈#≈§≈≈≈≈....
≈≈≈k≈≈≈@§§.....
PP≈≈≈≈≈≈m§.###.
mPP≈≈≈≈!.§...#
##≈≈≈≈...##...#
≈≈!≈≈..### ...
≈≈≈...# ..
.....# . .)...


You could see a merfolk aquamancer, a wind drake, 2 fauns, a water elemental and
a water nymph.

Vanquished Creatures
  Mara (Spider:4)
  An acid blob (Slime:1)
  Frances (Shoals:1)
  A kraken (Shoals:3)
  2 azure jellies (Slime:2)
  Ilsuiw (Shoals:3)
  5 ghost moths (Spider:4)
  7 emperor scorpions (Spider:4)
  The ghost of Fairytaker the Eclecticist, a journeyman DEFE of Sif Muna (D:15)
  A very ugly thing (IceCv)
  3 entropy weavers
  A death ooze (Slime:2)
  3 merfolk javelineers
  5 merfolk impalers
  A minotaur (Shoals:2)
  Harold (Lair:2)
  Erolcha (D:13)
  A catoblepas (D:14)
  A merfolk aquamancer (Shoals:1)
  2 centaur warriors (D:14)
  2 merfolk avatars
  5 two-headed ogres
  An alligator snapping turtle (Shoals:3)
  The ghost of bmj180 the Cleaver, a novice MiFi of Okawaru (Bailey)
  2 satyrs (Shoals:2)
  A tengu warrior (D:15)
  A fire crab (shapeshifter) (D:14)
  4 wizards
  5 sea snakes
  An obsidian statue (Shoals:1)
  An unseen horror (D:13)
  2 deep elf magi (Elf:1)
  An orc knight (Bailey)
  A necromancer (D:15)
  6 harpies (Shoals:3)
  2 oklob plants (Shoals:3)
  24 wolf spiders
  20 ugly things
  9 orb spiders
  4 cyclopes
  6 fauns (Shoals:2)
  A shining eye (Slime:2)
  7 manticores
  4 elephants (Lair:6)
  3 centaur zombies
  A black mamba (Lair:4)
  7 merfolk sirens
  5 ice statues (IceCv)
  5 water nymphs
  2 gargoyles
  A kobold demonologist (D:15)
  7 komodo dragons
  8 spiny frogs
  4 rime drakes
  9 demonic crawlers
  A golden dragon simulacrum (IceCv)
  A freezing wraith (D:14)
  2 anaconda simulacra (IceCv)
  An efreet (D:14)
  5 trolls
  3 meliai (Shoals:2)
  A tengu conjurer (D:15)
  A polar bear (Lair:6)
  12 jumping spiders
  19 merfolk
  A harpy skeleton (D:14)
  11 hornets
  25 slime creatures
  2 wind drakes
  3 blink frogs
  3 dream sheep (Shoals:3)
  9 hippogriffs
  7 snapping turtles
  2 centaur simulacra (D:15)
  A spriggan (D:7)
  14 tarantellas
  40 redbacks
  5 water elementals
  Eustachio (D:5)
  7 wraiths
  12 yaks
  5 vampire mosquitoes
  A hungry ghost (D:14)
  3 wargs
  A harpy simulacrum (IceCv)
  3 iron troll simulacra (IceCv)
  Edmund (D:5)
  14 water moccasins
  4 porcupines
  7 ice beasts
  3 orc warriors
  A swamp drake (shapeshifter) (D:15)
  A hydra simulacrum (IceCv)
  3 phantoms
  3 black bears
  2 necrophages
  2 sky beasts
  3 eyes of draining
  4 ogres
  6 wolves
  7 centaurs
  6 crocodiles
  3 boggarts (D:15)
  An elf zombie (Ossuary)
  9 bullfrogs
  2 wyvern skeletons
  A scorpion (D:9)
  4 killer bees (D:11)
  3 electric eels
  6 wights
  7 howler monkeys
  7 crimson imps
  3 lava snakes (D:12)
  4 jellies
  4 hounds
  3 orc priests
  A bullfrog skeleton (D:9)
  15 orc wizards
  7 centaur skeletons
  7 iguanas
  7 worker ants
  2 hound zombies
  5 mummies
  A worker ant zombie (D:8)
  6 adders
  A shadow imp (D:14)
  An ooze (D:2)
  3 worms
  2 dart slugs (D:1)
  3 leopard geckos
  24 orcs
  7 giant cockroaches
  8 goblins
  7 hobgoblins
  2 jackals (D:3)
  8 quokkas
  A ball python (D:3)
  5 bats
  8 frilled lizards
  3 goblin zombies (Ossuary)
  2 hobgoblin zombies (Ossuary)
  A jackal skeleton (D:6)
  11 kobolds
  4 kobold zombies (Ossuary)
  A leopard gecko zombie (D:7)
  A quokka zombie (D:7)
  4 rats
  7 bushes
  11 fungi
  31 plants
  2 tentacles (Shoals:3)
738 creatures vanquished.

Vanquished Creatures (collateral kills)
  Gastronok (D:8)
  Louise (Spider:1)
  An emperor scorpion (Spider:4)
  A very ugly thing (IceCv)
  2 entropy weavers
  A dire elephant (Lair:6)
  Snorg (Lair:3)
  Josephine (Lair:5)
  3 hydras
  A vault guard (D:11)
  A satyr (Shoals:3)
  4 orc high priests (Orc:2)
  A two-headed ogre (D:9)
  3 dancing weapons (Elf:1)
  Sonja (Lair:2)
  An unseen horror (D:15)
  A sea snake (Lair:6)
  A deep troll (shapeshifter) (D:12)
  An orc knight (Orc:1)
  2 deep elf archers (Elf:1)
  A harpy (Shoals:3)
  5 orb spiders
  An ugly thing (D:12)
  3 orc sorcerers
  A deep elf mage (Elf:1)
  9 wolf spiders
  2 cyclopes
  A manticore (Lair:6)
  5 elephants (Lair:6)
  A centaur zombie (D:11)
  A merfolk siren (Shoals:3)
  4 spiny frogs
  2 black mambas (Lair:6)
  2 centaur skeletons
  4 komodo dragons
  3 rime drakes (Lair:6)
  2 trolls
  6 demonic crawlers
  2 polar bears (Lair:6)
  10 jumping spiders
  A wind drake (Lair:6)
  2 hornets
  A merfolk (Shoals:3)
  3 slime creatures
  6 blink frogs
  13 redbacks
  A spriggan (shapeshifter) (D:13)
  9 yaks
  A dire elephant simulacrum (IceCv)
  A fire elemental (Elf:1)
  6 tarantellas
  2 wyverns
  3 basilisks
  2 wraiths (Lair:5)
  Grum (D:11)
  3 hungry ghosts
  A warg (Orc:2)
  11 water moccasins
  A porcupine (Lair:2)
  11 orc warriors
  A sky beast (D:11)
  4 ogres
  5 wolves
  4 crocodiles
  3 bullfrogs
  A wyvern zombie (D:9)
  3 scorpions
  A killer bee (D:11)
  2 crimson imps (D:11)
  A quasit (D:13)
  2 jellies
  15 orc priests (Orc:2)
  An iguana (D:8)
  5 orc wizards
  2 worker ants
  A killer bee zombie (D:8)
  A gnoll (Bailey)
  An adder (D:11)
  2 shadow imps
  3 leopard geckos
  7 orcs
  A giant cockroach (D:7)
  3 goblins (D:11)
  3 hobgoblins (Bailey)
  3 quokkas
  8 kobolds (Bailey)
  13 bushes (Lair:3)
  17 fungi
  15 plants
301 creatures vanquished.

Vanquished Creatures (others)
  An orc warlord (Spider:3)
  Urug (Spider:4)
  5 orc sorcerers
  3 orc high priests
  9 orc knights
  An elephant (Shoals:2)
  15 orc warriors
  13 orc wizards
  15 orc priests
  32 orcs
  A kobold zombie (Ossuary)
  4 fungi
  14 plants
  6 tentacles (Shoals:3)
120 creatures vanquished.

Grand Total: 1159 creatures vanquished

Notes
Turn   | Place    | Note
-------+----------+-------------------------------------------
     0 | D:1      | Lanoc the Hill Orc Monk began the quest for the Orb.
     0 | D:1      | Reached XP level 1. HP: 19/19 MP: 1/1
   177 | D:1      | Reached XP level 2. HP: 7/27 MP: 2/2
   920 | D:1      | Reached XP level 3. HP: 33/33 MP: 3/3
  1011 | D:1      | Reached skill level 1 in Armour
  1066 | D:2      | Reached skill level 5 in Axes
  1485 | D:2      | Reached XP level 4. HP: 26/40 MP: 4/4
  1546 | D:2      | Found a blossoming altar of Fedhas.
  1547 | D:2      | Found a shimmering altar of Xom.
  2221 | D:3      | Found a shadowy altar of Dithmenos.
  2531 | D:3      | Reached XP level 5. HP: 40/46 MP: 5/5
  3196 | D:3      | Found a sparkling altar of Nemelex Xobeh.
  3327 | D:3      | Reached skill level 6 in Axes
  3542 | D:4      | Found Xaskowk's Food Shoppe.
  3622 | D:4      | Reached XP level 6. HP: 49/53 MP: 6/6
  3896 | D:4      | Reached skill level 7 in Axes
  4390 | D:5      | Entered Level 5 of the Dungeon
  4448 | D:5      | Reached skill level 5 in Fighting
  4458 | D:5      | Became a worshipper of Beogh the Brigand
  4458 | D:5      | Reached * piety under Beogh
  4458 | D:5      | Reached ** piety under Beogh
  4461 | D:5      | Noticed Eustachio
  4487 | D:5      | Reached XP level 7. HP: 58/61 MP: 7/7
  4617 | D:5      | Killed Eustachio
  4667 | D:5      | Found a hazy altar of Hepliaklqana.
  4667 | D:5      | Found a white marble altar of Elyvilon.
  5108 | D:5      | Reached skill level 8 in Axes
  5179 | D:5      | Noticed Edmund
  5214 | D:5      | Killed Edmund
  5214 | D:5      | Reached XP level 8. HP: 33/70 MP: 8/8
  5385 | D:6      | Found a staircase to the Ecumenical Temple.
  5907 | D:7      | Reached skill level 9 in Axes
  6049 | D:7      | Reached skill level 5 in Armour
  6132 | D:7      | Reached *** piety under Beogh
  6132 | D:7      | Reached skill level 10 in Axes
  6151 | D:7      | Noticed a spriggan baker
  6171 | D:7      | Killed a spriggan baker
  6171 | D:7      | Reached XP level 9. HP: 53/79 MP: 9/9
  6291 | D:7      | Found Vianwi's Jewellery Emporium.
  6354 | D:7      | Found a sand-covered staircase.
  6364 | Ossuary  | Entered an ossuary
  7059 | D:7      | Found a sacrificial altar of Ru.
  7321 | D:8      | Reached skill level 11 in Axes
  7478 | D:8      | Reached skill level 5 in Dodging
  7514 | D:8      | Noticed Gastronok
  7524 | D:8      | Killed Gastronok
  7524 | D:8      | Reached skill level 12 in Axes
  7524 | D:8      | Reached XP level 10. HP: 67/90 MP: 10/10
  7844 | D:8      | Found a snail-covered altar of Cheibriados.
  8090 | D:9      | Noticed a two-headed ogre
  8095 | D:9      | Killed a two-headed ogre
  8156 | D:9      | Found a staircase to the Orcish Mines.
  8355 | D:9      | Found a glowing golden altar of the Shining One.
  8377 | D:9      | Reached **** piety under Beogh
  8581 | D:9      | Noticed a two-headed ogre
  8587 | D:9      | Killed a two-headed ogre
  8587 | D:9      | Reached skill level 13 in Axes
  8714 | Orc:1    | Entered Level 1 of the Orcish Mines
  8714 | Orc:1    | Noticed a two-headed ogre
  8720 | Orc:1    | Killed a two-headed ogre
  8801 | Orc:2    | Entered Level 2 of the Orcish Mines
  8818 | Orc:2    | Noticed an orc high priest
  8831 | Orc:2    | Killed an orc high priest
  8831 | Orc:2    | Reached XP level 11. HP: 62/97 MP: 11/11
  8958 | Orc:2    | Found a staircase to the Elven Halls.
  9001 | Orc:2    | Noticed a cyclops
  9009 | Orc:2    | Killed a cyclops
  9085 | Orc:2    | Noticed an orc sorcerer
  9087 | Orc:2    | Noticed an orc high priest
  9089 | Orc:2    | Noticed a sun demon
  9090 | Orc:2    | Reached skill level 14 in Axes
  9092 | Orc:2    | Noticed an orc high priest
  9096 | Orc:2    | Noticed a sun demon
  9099 | Orc:2    | Killed an orc sorcerer
  9102 | Orc:2    | Noticed a sun demon
  9104 | Orc:2    | Killed an orc high priest
  9131 | Orc:1    | Noticed a two-headed ogre
  9152 | Orc:1    | Killed a two-headed ogre
  9152 | Orc:1    | Reached skill level 10 in Fighting
  9262 | Orc:1    | Reached ***** piety under Beogh
  9358 | Orc:1    | Gained Bolgrim as an ally
  9618 | Orc:1    | Noticed an orc knight
  9626 | Orc:1    | Killed an orc knight
  9688 | Orc:2    | Noticed a sixfirhy
  9688 | Orc:2    | Killed an orc high priest
  9713 | Orc:2    | Noticed an orc high priest
  9713 | Orc:2    | Noticed a sun demon
  9721 | Orc:2    | Killed an orc high priest
  9746 | Orc:2    | Found Beol's Book Boutique.
  9746 | Orc:2    | Found Cimosuin's Weapon Shop.
  9746 | Orc:2    | Found Looko's Book Shop.
  9751 | Orc:2    | Gained Brunolf as an ally
  9761 | Orc:2    | Noticed an orc high priest
  9763 | Orc:2    | Noticed a sun demon
  9771 | Orc:2    | Found Vefuetei's Weapon Boutique.
 10314 | D:10     | Entered Level 10 of the Dungeon
 10505 | D:10     | Reached skill level 15 in Axes
 11024 | D:11     | Found a flagged portal.
 11041 | Bailey   | Entered a bailey
 11048 | Bailey   | Noticed an orc knight
 11048 | Bailey   | Noticed an orc knight
 11057 | Bailey   | Gained Blodwig as an ally
 11065 | Bailey   | Your ally Blodwig died
 11070 | Bailey   | Noticed an orc knight
 11072 | Bailey   | Noticed bmj180's ghost (novice MiFi)
 11244 | Bailey   | HP: 3/101 [bmj180's ghost (17)]
 11264 | Bailey   | Killed bmj180's ghost
 11575 | Bailey   | Killed an orc knight
 11670 | D:11     | Reached XP level 12. HP: 104/108 MP: 12/12
 11679 | D:11     | Noticed Grum
 11682 | D:11     | Killed Grum
 11985 | D:11     | Noticed a vault guard
 11992 | D:11     | Killed a vault guard
 12000 | D:11     | Found a portal to a secret trove of treasure.
 12205 | D:11     | Found a staircase to the Lair.
 12832 | D:12     | Reached ****** piety under Beogh
 12891 | D:12     | Reached skill level 16 in Axes
 12924 | D:12     | Gained mutation: Your magical capacity is low. (-10% MP) [a shining eye]
 12927 | D:12     | Noticed an anaconda
 12927 | D:12     | a shining eye changed into an anaconda
 12932 | D:12     | an anaconda changed into a deep troll
 13230 | D:13     | Reached skill level 10 in Armour
 13243 | D:13     | Gained Beowulf as an ally
 13246 | D:13     | Your ally Beowulf died
 13528 | D:13     | Gained Arbolt as an ally
 13827 | D:13     | Found a gate to the Vaults.
 13902 | D:13     | Noticed Erolcha
 13908 | D:13     | Killed Erolcha
 14244 | Elf:1    | Entered Level 1 of the Elven Halls
 14268 | Elf:1    | Noticed a sun demon
 14268 | Elf:1    | Noticed a vampiric short sword
 14287 | Elf:1    | Reached skill level 17 in Axes
 14287 | Elf:1    | Reached XP level 13. HP: 44/117 MP: 7/11
 14302 | Elf:1    | Your ally Brunolf died
 14309 | Elf:1    | Your ally Arbolt died
 14447 | Temple   | Entered the Ecumenical Temple
 14561 | Lair:1   | Entered Level 1 of the Lair of Beasts
 14743 | Lair:1   | Identified a scroll of acquirement
 15394 | Lair:2   | Noticed Harold
 15403 | Lair:2   | Killed Harold
 15434 | Lair:2   | Noticed Sonja
 15449 | Lair:2   | Killed Sonja
 15497 | Lair:2   | Noticed Urug
 15746 | Lair:2   | Found a staircase to the Shoals.
 16575 | Lair:3   | Found a hole to the Spider Nest.
 16597 | Lair:3   | Noticed Snorg
 16604 | Lair:3   | Killed Snorg
 17324 | Lair:4   | Reached skill level 18 in Axes
 17807 | Lair:5   | Gained Bogdar as an ally
 18285 | Lair:5   | Noticed Josephine
 18291 | Lair:5   | Killed Josephine
 18413 | Lair:6   | Entered Level 6 of the Lair of Beasts
 18418 | Lair:6   | Reached XP level 14. HP: 110/127 MP: 12/12
 18574 | Lair:6   | Found a viscous altar of Jiyva.
 18580 | Lair:6   | Found a staircase to the Slime Pits.
 18616 | Lair:6   | Noticed a dire elephant
 18622 | Lair:6   | Killed a dire elephant
 18635 | Lair:6   | Paralysed by a hornet for 2 turns
 18664 | Lair:6   | Got a spiked plate armour
 18708 | Lair:6   | Identified the cursed +0 plate armour "Unew" {rPois rC+ Regen+} (You found it on level 6 of the Lair of Beasts)
 18743 | Lair:6   | Reached skill level 19 in Axes
 19439 | Slime:1  | Entered Level 1 of the Pits of Slime
 19600 | Spider:1 | Entered Level 1 of the Spider Nest
 19721 | Spider:1 | Reached skill level 10 in Dodging
 19791 | Spider:1 | Noticed Louise
 19803 | Spider:1 | Killed Louise
 20068 | Spider:1 | Found a frozen archway.
 20073 | IceCv    | Entered an ice cave
 20089 | IceCv    | Gained Ogrik as an ally
 20127 | IceCv    | Noticed a white very ugly thing
 20131 | IceCv    | Your ally Ogrik died
 20141 | IceCv    | Killed a white very ugly thing
 20454 | IceCv    | Noticed a white very ugly thing
 20480 | IceCv    | Killed a white very ugly thing
 20704 | Spider:2 | Reached XP level 15. HP: 137/137 MP: 13/13
 20851 | Spider:2 | Reached skill level 20 in Axes
 22109 | Spider:3 | Your ally Bogdar died
 23066 | Spider:3 | Your ally Bolgrim died
 23344 | Spider:4 | Entered Level 4 of the Spider Nest
 23364 | Spider:4 | Noticed an emperor scorpion
 23364 | Spider:4 | Noticed an emperor scorpion
 23376 | Spider:4 | Killed an emperor scorpion
 23377 | Spider:4 | Killed an emperor scorpion
 23398 | Spider:4 | Noticed an emperor scorpion
 23409 | Spider:4 | Killed an emperor scorpion
 23447 | Spider:4 | Noticed a ghost moth
 23450 | Spider:4 | Killed a ghost moth
 23552 | Spider:4 | Noticed a ghost moth
 23557 | Spider:4 | Killed a ghost moth
 23681 | Spider:4 | Noticed an emperor scorpion
 23686 | Spider:4 | Noticed an emperor scorpion
 23691 | Spider:4 | Noticed Mara
 23696 | Spider:4 | Noticed Lanoc's illusion
 23696 | Spider:4 | Killed an emperor scorpion
 23696 | Spider:4 | Reached skill level 21 in Axes
 23704 | Spider:4 | Killed an emperor scorpion
 23719 | Spider:4 | Lost mutation: Your magical capacity is low. (-10% MP) [potion of mutation]
 23719 | Spider:4 | Gained mutation: Your system is resistant to poisons. (rPois) [potion of mutation]
 23719 | Spider:4 | Gained mutation: You expend magic power (3 MP) to strengthen your wands. [potion of mutation]
 23719 | Spider:4 | Gained mutation: Your muscles are strong. (Str +2) [potion of mutation]
 23725 | Spider:4 | Your ally died
 23841 | Spider:4 | Reached XP level 16. HP: 146/147 MP: 16/16
 23993 | Spider:4 | Killed Mara
 24042 | Spider:4 | Reached skill level 15 in Fighting
 24523 | Spider:4 | Got a gossamer rune of Zot
 25244 | Slime:2  | Noticed an azure jelly
 25247 | Slime:2  | Killed an azure jelly
 25247 | Slime:2  | Reached skill level 22 in Axes
 25324 | Slime:2  | Noticed an azure jelly
 25331 | Slime:2  | Killed an azure jelly
 25355 | Slime:2  | Gained mutation: You are frail. (-10% HP) [a shining eye]
 25359 | Slime:2  | Gained mutation: Your magical capacity is low. (-10% MP) [a shining eye]
 25403 | Slime:1  | Noticed an acid blob
 25413 | Slime:1  | Noticed an acid blob
 25568 | Slime:1  | Killed an acid blob
 26263 | D:14     | Found an opulent altar of Gozag.
 26301 | D:14     | Reached XP level 17. HP: 133/140 MP: 15/15
 27394 | D:15     | Entered Level 15 of the Dungeon
 27491 | D:15     | Noticed Fairytaker's ghost (journeyman DEFE)
 27503 | D:15     | Killed Fairytaker's ghost
 27525 | D:15     | Gained Syrus as an ally
 27539 | D:15     | Reached skill level 15 in Armour
 27818 | D:15     | Found a staircase to the Depths.
 27853 | D:15     | Found Judiasush's Gadget Boutique.
 28283 | Shoals:1 | Entered Level 1 of the Shoals
 28387 | Shoals:1 | Noticed Frances
 28409 | Shoals:1 | Found Hituph's Weapon Emporium.
 28443 | Shoals:1 | Killed Frances
 28444 | Shoals:1 | Reached skill level 23 in Axes
 28549 | Shoals:1 | Your ally Syrus died
 29291 | Shoals:2 | Found a hide-covered altar of Uskayaw.
 29416 | Shoals:2 | Got a translucent longbow
 29418 | Shoals:2 | Identified the +8 longbow of Conscience {venom, Str+2 Dex+3} (You found it on level 2 of the Shoals)
 30008 | Shoals:2 | You fall through a shaft!
 30133 | Shoals:3 | Noticed Ilsuiw
 30144 | Shoals:3 | Killed Ilsuiw
 30144 | Shoals:3 | Reached XP level 18. HP: 148/151 MP: 16/16
 30306 | Shoals:3 | Gained Morguth as an ally
 30361 | Shoals:3 | Gained Worak as an ally
 30466 | Shoals:3 | Reached skill level 1 in Throwing
 30646 | Shoals:3 | Your ally Morguth died
 30647 | Shoals:3 | Your ally Worak died
 31057 | Shoals:4 | Entered Level 4 of the Shoals
 31064 | Shoals:4 | Noticed Polyphemus
 31071 | Shoals:4 | HP: 7/151 [merfolk impaler/trident of protection (1)]
 31076 | Shoals:4 | Killed from afar by a water nymph

Skill      XL: |  1  2  3  4  5  6  7  8  9 10 11 12 13 14 15 16 17 18 |
---------------+-------------------------------------------------------+-----
Armour         | 1 2 3 4 5 7 8 9 10 11 12 13 14 15 | 15.6
Axes           | 5 6 7 8 10 12 13 15 17 18 19 21 22 23 | 23.8
Fighting       | 4 5 7 8 9 10 11 12 13 14 15 16 | 16.8
Dodging        | 3 4 5 6 7 8 9 10 11 12 | 12.7
Throwing       | 1 |  1.5
Stealth        | |  1.5

Action                   |  1- 3 |  4- 6 |  7- 9 | 10-12 | 13-15 | 16-18 || total
-------------------------+-------+-------+-------+-------+-------+-------++-------
Melee: Hand axe          |   141 |   321 |   119 |       |       |       ||   581
       Broad axe         |       |       |   320 |   124 |       |       ||   444
       War axe           |       |       |       |   388 |    37 |       ||   425
       Executioner's axe |       |       |       |       |   649 |   727 ||  1376
Throw: Javelin           |       |       |       |     8 |       |       ||     8
       Tomahawk          |       |       |       |     1 |     3 |    19 ||    23
Invok: Convert to Beogh  |       |     1 |       |       |       |       ||     1
       Recall Orcish Fol |       |       |       |    10 |    16 |     7 ||    33
       Give Item to Name |       |       |       |     1 |     2 |     2 ||     5
       Resurrection      |       |       |       |       |     2 |     2 ||     4
Evoke: Wand              |       |       |       |     7 |       |     1 ||     8
       Box of beasts     |       |       |       |       |     2 |       ||     2
  Use: Scroll            |       |    12 |     4 |     9 |    19 |    13 ||    57
       Potion            |       |       |       |    11 |    24 |     2 ||    37
 Stab: Distracted        |       |       |       |     7 |     9 |       ||    16
       Paralysed         |       |       |       |       |     2 |       ||     2
  Eat: Chunk             |     2 |     6 |     8 |    12 |    10 |     8 ||    46
       Royal jelly       |       |     2 |     1 |     4 |     3 |     1 ||    11
       Fruit             |       |       |     1 |     3 |    10 |     5 ||    19
       Meat ration       |       |       |       |       |     2 |     1 ||     3
Armor: Ring mail         |    29 |    62 |    32 |       |       |       ||   123
       Robe              |     1 |       |       |       |       |       ||     1
       Scale mail        |       |       |    75 |   140 |    90 |       ||   305
       Plate armour      |       |       |       |       |   303 |   429 ||   732
Dodge: Dodged            |    70 |   228 |   319 |   401 |   653 |   701 ||  2372
